 Dungeon Crawl Stone Soup version 0.27.0-1-g7a089689b8 (webtiles) character file.

Game seed: 651947608517713122

102 Smaepdii the Chopper (level 4, -1/34 HPs)
             Began as a Demonspawn Gladiator on Aug 12, 2021.
             Slain by Sigmund (10 damage)
             ... on level 2 of the Dungeon.
             The game lasted 00:10:47 (2273 turns).

Smaepdii the Chopper (Demonspawn Gladiator)         Turns: 2273, Time: 00:10:48

Health: -1/34      AC: 11    Str: 15    XL:     4   Next: 50%
Magic:  4/4        EV:  7    Int: 10    God:
Gold:   6          SH:  0    Dex: 14    Spells: 3/3 levels left

rFire    . . .     SeeInvis .   a - +0 war axe
rCold    . . .     Faith    .   (no shield)
rNeg     . . .     Spirit   .   e - +0 chain mail
rPois    .         Reflect  .   c - +0 helmet
rElec    .         Harm     .   (no cloak)
rCorr    .         Rampage  .   (no gloves)
Will     .....                  i - +1 pair of boots
Stlth    ..........             (no amulet)
HPRegen  0.11/turn              (no ring)
MPRegen  0.18/turn              (no ring)

@: confused, mighty
A: powered by pain 1, magic regeneration
a: no special abilities


You were on level 2 of the Dungeon.
You visited 1 branch of the dungeon, and saw 2 of its levels.

You collected 6 gold pieces.

Inventory:

Hand Weapons
 a - a +0 war axe (weapon)
Armour
 c - a +0 helmet (worn)
 e - a +0 chain mail (worn)
 i - a +1 pair of boots (worn)
Scrolls
 b - a scroll of torment {unknown}
 f - a scroll of noise {unknown}
 h - a scroll of teleportation {unknown}
Potions
 g - 2 potions of cancellation {unknown}


   Skills:
 + Level 2.9 Fighting
 * Level 3.9 Axes
 - Level 1.7 Throwing
 + Level 0.2 Armour
 + Level 3.3 Dodging


You had 3 spell levels left.
You didn't know any spells.
Your spell library contained the following spells:

 Spells                   Type           Power      Damage    Failure   Level
 Gell's Gravitas          Tloc           0%         N/A       100%        3
 Portal Projectile        Hex/Tloc       0%         N/A       100%        3
 Teleport Other           Tloc           0%         N/A       100%        3
 Blade Hands              Tmut           0%         N/A       100%        5
 Excruciating Wounds      Necr           0%         N/A       100%        5
 Dispersal                Tloc           0%         N/A       100%        6


Dungeon Overview and Level Annotations

Branches:
Dungeon (2/15)

Altars:

Shops:
D:1 *

Annotations:
D:2 Sigmund


Innate Abilities, Weirdness & Mutations

You sometimes gain a little power by taking damage.
You regenerate magic rapidly.


Message History

You slash the kobold!
You kill the kobold!
Things that are here:
a +0 whip; 4 stones
There is an open door here.
Sigmund the Dreaded comes into view.
He is wielding a +0 scythe.
Sigmund shouts!
Sigmund hits you but does no damage. Sigmund hits you with a +0 scythe.
You closely miss Sigmund.
Sigmund points at you and mumbles some strange words.
You are confused.
Sigmund hits you but does no damage.
You miss Sigmund. Sigmund hits you with a +0 scythe!
You closely miss Sigmund. Sigmund gestures at you while chanting.
You are more confused.
Sigmund gestures at you while chanting. The magic dart hits you.
You bump into the rock wall.
Sigmund gestures at you while chanting.
You are more confused.
You slash Sigmund!
Sigmund is moderately wounded.
Sigmund gestures at you while chanting. The puff of flame hits you.
You're too confused to move!
Sigmund barely misses you.
You bump into the rock wall.
Sigmund gestures wildly while chanting.
Sigmund flickers and vanishes!
Deactivating autopickup; reactivate with Ctrl-A.
You bump into the rock wall.
Something hits you!
* * * LOW HITPOINT WARNING * * *
You focus on the pain.
You feel very mighty all of a sudden.
Non-targeted confused throw: throwing net
Press: ? - help, Q - select action Dir - look around, f - activate You throw a throwing net.
Something hits you!
You die...

.###.# ## #.#
####.############# #####
...##..#......<..#
###...####
†...##.#.#######.#
#.+......# ....##.# #.#
#.#......# ....##.# #.#
#.#....####### ..##.###
#{# #.#..#........
####...#
#@###.#....#.#####
...#.(##
#######(#........#.#
#######
#<......#.#.#..#.#.#
...#
#.#######...#....#.#
##.#
#....########.####.#
.#.#
#..#.#.............#
.#.####
#..#.#.######.##########
.#.#..# #..#...#
#.#......... .#.#..#
#..##### #.#.########


There were no monsters in sight!

Vanquished Creatures
  Jessica (D:2)
  An adder (D:2)
  A dart slug (D:2)
  3 endoplasms (D:1)
  2 giant cockroaches (D:1)
  5 goblins
  6 hobgoblins
  7 jackals (D:1)
  3 quokkas
  2 ball pythons (D:2)
  3 bats
  3 frilled lizards
  8 kobolds
  21 rats
66 creatures vanquished.

Vanquished Creatures (others)
  11 plants (D:1)
11 creatures vanquished.

Grand Total: 77 creatures vanquished

Notes
Turn   | Place    | Note
-------+----------+-------------------------------------------
     0 | D:1      | Smaepdii the Demonspawn Gladiator began the quest for the
                  | Orb.
     0 | D:1      | Reached XP level 1. HP: 16/16 MP: 1/1
    92 | D:1      | Gained mutation: You regenerate magic rapidly. [demonic
                  | ancestry]
    92 | D:1      | Reached XP level 2. HP: 16/22 MP: 2/2
   740 | D:1      | Reached XP level 3. HP: 25/28 MP: 3/3
   872 | D:1      | Found Feosme's General Store.
  1205 | D:2      | Noticed Jessica
  1219 | D:2      | Killed Jessica
  1220 | D:2      | Gained mutation: You sometimes gain a little power by
                  | taking damage. [demonic ancestry]
  1220 | D:2      | Reached XP level 4. HP: 16/34 MP: 4/4
  2262 | D:2      | Noticed Sigmund
  2273 | D:2      | Slain by Sigmund

Illustrated notes

Levels and vault maps discovered:
D:1:      shiori_shiawase, layout_rooms, serial_shops, shop,
          minmay_misc_feat_cross, lexackson_kobold_supper
D:2:      layout_basic, minmay_rat_hole, uniq_sigmund, uniq_jessica

Skill      XL: |  1  2 |
---------------+-------+-----
Axes           | 3 |  3.9
Dodging        | 3 |  3.3
Fighting       | |  2.9
Throwing       | |  1.7
Armour         | |  0.2

Action                   |  1- 3 |  4- 6 || total
-------------------------+-------+-------++-------
Melee: War axe           |    95 |    81 ||   176
Throw: Throwing net      |       |     4 ||     4
Armor: Leather armour    |    23 |       ||    23
       Chain mail        |    17 |    65 ||    82
Dodge: Dodged            |    58 |    30 ||    88
